 Dungeon Crawl Stone Soup version 0.26.1-2-gb8aa6d0cf2 (webtiles) character file.

Game seed: 525041966238810138

28 Gnirx the Digger (level 3, 0/19 HPs)
             Began as a Gargoyle Earth Elementalist on Feb 27, 2021.
             Slain by a kobold
             ... wielding a +0 whip
              (4 damage)
             ... on level 1 of the Dungeon.
             The game lasted 00:01:31 (625 turns).

Gnirx the Digger (Gargoyle Earth Elementalist)       Turns: 625, Time: 00:01:32

Health: 0/19       AC:  5    Str: 11    XL:     3   Next: 14%
Magic:  7/7        EV: 12    Int: 16    God:
Gold:   29         SH:  0    Dex: 10    Spells: 6/7 levels left

rFire    . . .     SeeInvis .   h - +0 flail
rCold    . . .     Faith    .   (no shield)
rNeg     + . .     Spirit   .   c - +0 robe
rPois    ∞         Reflect  .   (no helmet)
rElec    +         Harm     .   (no cloak)
rCorr    .         Rampage  .   (no gloves)
Will     .....                  (no boots)
Stlth    ++........             (no amulet)
HPRegen  0.06/turn              (no ring)
MPRegen  0.10/turn              (no ring)

@: no status effects
A: negative energy resistance 1, electricity resistance, unbreathing,
petrification resistance, miasma immunity, AC +3
a: no special abilities


You were on level 1 of the Dungeon.
You visited 1 branch of the dungeon, and saw 1 of its levels.

You collected 29 gold pieces.

Inventory:

Hand Weapons
 e - a -1 dagger
 h - a +0 flail (weapon)
Missiles
 b - 34 stones
Armour
 c - a +0 robe (worn)
 g - a +2 kite shield
Jewellery
 a - an uncursed ring of poison resistance {unknown}
Potions
 d - a potion of curing {unknown}
 f - a potion of berserk rage {unknown}


   Skills:
 - Level 1.5 Dodging
 - Level 2.1 Stealth
 + Level 2.7 Spellcasting
 - Level 0.7 Transmutations
 + Level 4.4 Earth Magic


You had 6 spell levels left.
You knew the following spells:

 Your Spells              Type           Power        Failure   Level
a - Sandblast             Erth           32%          3%          1

Your spell library contained the following spells:

 Spells                   Type           Power        Failure   Level
 Passwall                 Tmut/Erth      8%           10%         2
 Stone Arrow              Conj/Erth      18%          24%         3
 Petrify                  Tmut/Erth      10%          54%         4
 Lee's Rapid Deconstruct  Erth           8%           65%         5


Dungeon Overview and Level Annotations

Branches:
Dungeon (1/15)

Altars:


Innate Abilities, Weirdness & Mutations

You are resistant to torment.
Your stone body is resilient. (AC +3)
You are immune to poison.
You resist negative energy. (rN+)
You are resistant to electric shocks. (rElec)
You can survive without breathing.
You are immune to petrification.
You are immune to miasma.


Message History

The blast of sand hits the rat!
You kill the rat!
The kobold throws a stone.
The stone misses you.
The kobold throws a stone.
The stone hits you but does no damage.
You see here a stone.
You start resting.
A kobold is nearby!
The kobold hits you but does no damage.
You hit the kobold.
The kobold is severely wounded.
The kobold hits you with a +0 whip.
You barely miss the kobold.
The kobold is severely wounded.
The kobold hits you with a +0 whip.
You barely miss the kobold.
The kobold is severely wounded.
The kobold hits you with a +0 whip.
* * * LOW HITPOINT WARNING * * *
The kobold hits you with a +0 whip.
You die...

#.....##.... ##..........
##.#####... ####)####....
#............
##.#.....#..#.
#..#.(...#..#.
######..##...##.###
#.@......#...#..#.#
#K####...##.##.##.#
#######r####....#(#..#...
................###.##...
...####.####.....#..#....
#(...[.....#..#....
#........#.......).
#.####.#....#####.. #(#
#.##..## #..


You could see a kobold and a rat.

Vanquished Creatures
  A gnoll (D:1)
  An ooze (D:1)
  2 bats (D:1)
  A giant cockroach (D:1)
  4 goblins (D:1)
  2 hobgoblins (D:1)
  A kobold (D:1)
  A rat (D:1)
13 creatures vanquished.

Notes
Turn   | Place    | Note
-------+----------+-------------------------------------------
     0 | D:1      | Gnirx the Gargoyle Earth Elementalist began the quest for
                  | the Orb.
     0 | D:1      | Reached XP level 1. HP: 10/10 MP: 3/3
   301 | D:1      | Reached XP level 2. HP: 15/15 MP: 5/5
   325 | D:1      | Reached skill level 4 in Earth Magic
   456 | D:1      | Reached XP level 3. HP: 11/19 MP: 6/6
   625 | D:1      | Slain by a kobold

Illustrated notes

Levels and vault maps discovered:
D:1:      dpeg_arrival_ratfight, layout_loops_cross, minmay_unequal

Skill      XL: |  1  2 |
---------------+-------+-----
Earth Magic    | 4 |  4.4
Dodging        | |  1.5
Stealth        | |  2.1
Spellcasting   | |  2.7
Transmutations | |  0.7

Action                   || total
-------------------------++-------
Melee: Dagger            ||    22
       Unarmed           ||    12
       Flail             ||    21
 Cast: Sandblast         ||     9
  Use: Scroll            ||     1
Armor: Robe              ||    37
Dodge: Dodged            ||    56
